 Dungeon Crawl Stone Soup version 0.17-a0-1123-g6d3914c (webtiles) character file.

241 KimSkiy the Sneak (level 6, 0/47 HPs)
             Began as a Human Artificer on May 24, 2015.
             Slain by a scorpion (4 damage)
             ... on level 3 of the Dungeon.
             The game lasted 00:23:40 (3924 turns).

KimSkiy the Sneak (Human Artificer)                 Turns: 3924, Time: 00:23:40

Health: 0/47       AC:  3    Str: 13    XL:     6   Next: 30%
Magic:  8/8        EV: 12    Int: 12    God:
Gold:   104        SH:  0    Dex: 14    Spells: 0 memorised, 5 levels left

rFire  . . .     SeeInvis .     a - +0 short sword
rCold  . . .     Clarity  .     e - +0 leather armour
rNeg   . . .     SustAt   .     (no shield)
rPois  .         Gourm    .     (no helmet)
rElec  .         Spirit   .     (no cloak)
rCorr  .         Warding  .     (no gloves)
rMut   .         Stasis   .     (no boots)
MR     .....                    (no amulet)
Stlth  ++........               (no ring)
                                (no ring)

@: lethally poisoned (0 -> -7), not resistant to hostile enchantments,
unstealthy
A: no striking features
a: no special abilities


You were on level 3 of the Dungeon.
You were not hungry.

You visited 1 branch of the dungeon, and saw 3 of its levels.

You collected 104 gold pieces.

Inventory:

Hand weapons
 a - a +0 short sword (weapon)
 i - a +0 falchion
 j - a +0 short sword
Missiles
 n - 9 bolts
 p - 5 javelins (quivered)
Armour
 e - a +0 leather armour (worn)
Jewellery
 m - an uncursed amulet of faith {unknown}
 q - an uncursed ring of teleport control {unknown}
Magical devices
 b - a wand of flame (11)
 c - a wand of enslavement (12)
 d - a wand of random effects (5)
 o - a wand of slowing (25)
Potions
 g - a potion of heal wounds
Books
 r - a book of the Sky

   Spells                             Type                      Level
   a - Summon Lightning Spire         Summoning/Air                4
   b - Airstrike                      Air                          4
   c - Silence                        Hexes/Air                    5
   d - Deflect Missiles               Charms/Air                   6
   e - Conjure Ball Lightning         Conjuration/Air              6
   f - Tornado                        Air                          9
Comestibles
 f - a bread ration
 h - 2 fruits
 k - a chunk of flesh
 l - 2 meat rations


   Skills:
 - Level 3.0 Fighting
 - Level 3.0 Short Blades
 - Level 2.0 Dodging
 + Level 4.3 Stealth
 - Level 3.0 Evocations


You had 5 spell levels left.
You didn't know any spells.

Dungeon Overview and Level Annotations

Branches:
Dungeon (3/15)

Altars:
Makhleb


Message History

Press: ? - help, Shift-Dir - straight line, f/p - scorpion
Aim: a scorpion (heavily wounded, fast)
The fireball explodes!
The fireball engulfs the scorpion.
The scorpion is severely wounded.
The fireball engulfs you!
* * * LOW HITPOINT WARNING * * *
This wand has 6 charges left.
* * * LOW HITPOINT WARNING * * *
You feel sick.
The scorpion stings you but does no damage.
Evoke which item? (* to show all) (? for menu, Esc to quit)
Zapping:
d - a wand of random effects (6)
Press: ? - help, Shift-Dir - straight line, f/p - scorpion
Aim: a scorpion (severely wounded, fast)
The puff of flame misses the scorpion.
This wand has 5 charges left.
* * * LOW HITPOINT WARNING * * *
You feel sick.
The scorpion stings you but does no damage.
The scorpion stings you.
You die...

#.. # #.# #.. # #.# ..#
# ... ..#. # #.# #######
..#.. # #.#
#.....##.#..#
########.###..........#.
..<.(#...............#..
.......#.##.....@s..#..#
.....###.###..).......#.
.##### #.# ##........#..
.# #.# ##.####.#..# .#
#....#### ...#. .#
####.# .#.. .# # ... ##
#.# .


You could see a scorpion.

Vanquished Creatures
  A water moccasin (D:3)
  A hound (D:2)
  2 adders
  2 oozes
  2 worms
  2 orcs (D:3)
  2 ball pythons
  4 bats
  6 goblins
  7 hobgoblins
  6 jackals (D:1)
  6 giant cockroaches
  2 giant newts
  7 kobolds
  5 rats
55 creatures vanquished.

Vanquished Creatures (collateral kills)
  An orc priest (D:3)
1 creature vanquished.

Vanquished Creatures (others)
  An orc wizard (D:3)
1 creature vanquished.

Grand Total: 57 creatures vanquished

Notes
Turn   | Place    | Note
--------------------------------------------------------------
     0 | D:1      | KimSkiy the Human Artificer began the quest for the Orb.
     0 | D:1      | Reached XP level 1. HP: 15/15 MP: 3/3
   116 | D:1      | Reached XP level 2. HP: 14/21 MP: 4/4
   558 | D:1      | Reached XP level 3. HP: 4/27 MP: 5/5
  2179 | D:2      | Reached XP level 4. HP: 31/34 MP: 6/6
  2197 | D:2      | Found a burning altar of Makhleb.
  3156 | D:3      | Reached XP level 5. HP: 41/41 MP: 7/7
  3745 | D:3      | Noticed a water moccasin
  3911 | D:3      | Killed a water moccasin
  3911 | D:3      | Reached skill level 4 in Stealth
  3911 | D:3      | Reached XP level 6. HP: 47/47 MP: 8/8
  3924 | D:3      | Slain by a scorpion

Vault maps used:
D:1:      eino_arrival_cavern_d, kennysheep_nondescript
D:2:      makhleb_blood_cavern_becter
D:3:      minmay_misc_feat_diagonals, uniq_natasha, uniq_robin

Action                   |  1- 3 |  4- 6 || total
-------------------------+-------+-------++-------
Melee: Short sword       |   150 |    56 ||   206
Throw: Stone             |    42 |       ||    42
       Javelin           |     3 |    14 ||    17
Evoke: Wand              |     5 |    16 ||    21
  Use: Scroll            |     4 |       ||     4
       Potion            |     2 |     3 ||     5
 Stab: Sleeping          |     2 |       ||     2
  Eat: Chunk             |     2 |     3 ||     5
       Fruit             |     2 |     1 ||     3
       Meat ration       |       |     1 ||     1
